 Dungeon Crawl Stone Soup version 0.30-a0-310-g7d6cbdfea6 (webtiles) character file.

Game seed: 6732438952086155484

78 billz999 the Shooter (level 4, 0/33 HPs)
             Began as a Vampire Hunter on Oct 25, 2022.
             Slain by a rat (2 damage)
             ... on level 2 of the Dungeon.
             The game lasted 00:03:49 (1375 turns).

billz999 the Shooter (Vampire Hunter)               Turns: 1375, Time: 00:03:50

Health: 0/33       AC: 11    Str:  8    XL:     4   Next: 15%
Magic:  4/4        EV:  0    Int: 11    God:
Gold:   135        SH:  0    Dex: 21    Spells: 3/3 levels left

rFire   + + +      SeeInvis +    a - +0 shortbow
rCold   . . .      Faith    .    (shield currently unavailable)
rNeg    . . .      Spirit   .    o - +1 plate armour of the Turtledove {rElec rF+++ Dex+2 Slay+2}
rPois   .          Reflect  .    (no helmet)
rElec   +          Harm     .    (no cloak)
rCorr   .          Rampage  .    (no gloves)
Will    .....                    (no boots)
Stlth   ..........               (no amulet)
HPRegen 0.45/turn                (no ring)
MPRegen 0.09/turn                (no ring)

@: healing quickly, invisible
A: alive, fangs 3, see invisible, vampiric 2, weak 1, MP-powered wands
a: Exsanguinate


You were on level 2 of the Dungeon.
You visited 1 branch of the dungeon, and saw 3 of its levels.

You collected 135 gold pieces.

Inventory:

Hand Weapons
 a - a +0 shortbow (weapon)
 h - a +0 dagger
Armour
 c - a +0 leather armour
 o - the +1 plate armour of the Turtledove (worn) {rElec rF+++ Dex+2 Slay+2}
   (You found it on level 2 of the Dungeon)

   Dex:       It affects your dexterity (+2).
   Slay:      It affects your accuracy & damage with ranged weapons and melee
   (+2).
   rF:        It renders you almost immune to fire.
   rElec:     It insulates you from electricity.
Scrolls
 b - a scroll of immolation
 d - 6 scrolls of identify {unknown}
 e - a scroll of enchant armour {unknown}
 g - 3 scrolls of torment
 j - a scroll of teleportation {unknown}
 l - 2 scrolls of amnesia {unknown}
Potions
 k - a potion of brilliance {unknown}
 m - a potion of curing {unknown}
 n - a potion of haste {unknown}
 p - a potion of lignification {unknown}


   Skills:
 - Level 1.7 Fighting
 * Level 4.3 Ranged Weapons
 - Level 2.1 Dodging
 + Level 3.8 Stealth


You had 3 spell levels left.
You didn't know any spells.
Your spell library was empty.

Dungeon Overview and Level Annotations

Branches:
Dungeon (3/15)

Altars:

Annotations:
D:3 Grinder


Innate Abilities, Weirdness & Mutations

Your natural rate of healing is accelerated.
You have razor-sharp teeth.
You have supernaturally acute eyesight. (SInv)
You are afflicted with vampirism and can become a bat while bloodless.
You are weak. (Str -2)
You expend magic power (3 MP) to strengthen your wands.


Message History

The worm bites you but does no damage.
You shoot an arrow. The arrow hits the worm!
The worm is severely wounded.
The worm bites you.
You shoot an arrow. The arrow hits the worm.
The worm is almost dead.
You shoot an arrow. The arrow hits the worm.
You kill the worm!
HP restored.
There is a stone staircase leading down here.
You climb downwards.
Level annotation: Grinder The kobold hits you with a +2 short sword of electrocution.
The iguana bites you but does no damage.
The rat bites you. The iguana bites you.
The kobold hits you but does no damage. The rat bites you but does no damage.
There is a stone staircase leading up here.
The kobold hits you with a +2 short sword of electrocution.
The rat bites you but does no damage. The iguana bites you!
You climb upwards.
There is a stone staircase leading down here.
As you read the scroll labelled CIROKHL UDULI, it crumbles to dust.
Your body is wracked with pain!
* * * LOW HITPOINT WARNING * * *
The iguana convulses!
It was a scroll of torment.
The iguana bites you.
* * * LOW HITPOINT WARNING * * *
The kobold hits you but does no damage. The rat bites you but does no damage.
It was a potion of invisibility.
You fade into invisibility!
The iguana bites you but does no damage.
The kobold hits you but does no damage. The rat bites you but does no damage.
Okay, then.
It was a potion of mutation.
You feel extremely strange.
You feel your magical essence link to the dungeon's wands.
You feel weaker. The iguana completely misses you.
The kobold hits you with a +2 short sword of electrocution.
* * * LOW HITPOINT WARNING * * *
The rat bites you.
You die...

####### ###### ## #.....# #....#
#. #####.....##### #....# #.
....'.........###########....###.
...##...........@.......#........
....#..........Klr......#........
..#.#...................#........
..#.#...................#........
..#.....................#........
..#..............................
.................................
.......†.........................
....#.##.....................##..


You could see an iguana (unable to see you), a kobold (unable to see you) and a
rat (unable to see you).

Vanquished Creatures
  3 adders (D:2)
  2 worms (D:2)
  A dart slug (D:1)
  5 bats
  4 endoplasms
  2 giant cockroaches
  3 goblins
  5 hobgoblins
  2 quokkas (D:1)
  5 ball pythons
  3 frilled lizards
  3 kobolds
  5 rats
43 creatures vanquished.

Notes
Turn   | Place    | Note
-------+----------+-------------------------------------------
     0 | D:1      | billz999 the Vampire Hunter began the quest for the Orb.
     0 | D:1      | Reached XP level 1. HP: 16/16 MP: 1/1
   394 | D:1      | Reached XP level 2. HP: 21/22 MP: 2/2
   788 | D:2      | Gained mutation: You are afflicted with vampirism and can
                  | become a bat while bloodless. [Vampire growth]
   788 | D:2      | Reached XP level 3. HP: 27/27 MP: 3/3
   903 | D:2      | Reached skill level 4 in Ranged Weapons
  1067 | D:2      | Found a faded altar of an unknown god.
  1070 | D:2      | Identified the +1 plate armour of the Turtledove {rElec
                  | rF+++ Dex+2 Slay+2}
  1197 | D:2      | Reached XP level 4. HP: 33/33 MP: 4/4
  1313 | D:3      | Noticed Grinder
  1314 | D:3      | Paralysed by Grinder for 3 turns
  1375 | D:2      | Gained mutation: You expend magic power (3 MP) to
                  | strengthen your wands. [potion of mutation]
  1375 | D:2      | Gained mutation: You are weak. (Str -2) [potion of
                  | mutation]
  1375 | D:2      | Slain by a rat

Illustrated notes

Levels and vault maps discovered:
D:1:      zaba_arrival_water, layout_loops_corners
D:2:      layout_basic, hellmonk_ecumenical_altar_crossroads,
          grunt_decor_mini_mirrors, grunt_ministairs_14, hex_tiny,
          amcnicky_mini_corridor_feature
D:3:      minmay_bubble_buster, layout_basic, nicolae_overflow_two_pavilions,
          grunt_ministairs_1, uniq_jessica, uniq_grinder

Skill      XL: |  1  2  3 |
---------------+----------+-----
Stealth        | 2 3 |  3.8
Ranged Weapons | 4 |  4.3
Fighting       | |  1.7
Dodging        | |  2.1

Action                   |  1- 3 |  4- 6 || total
-------------------------+-------+-------++-------
 Fire: Shortbow          |   103 |     9 ||   112
  Use: Potion            |       |     2 ||     2
       Scroll            |       |     1 ||     1
Armor: Leather armour    |     8 |       ||     8
       Plate armour      |     7 |    16 ||    23
Dodge: Dodged            |    28 |     1 ||    29

Table legend: (Time is in decaauts)
 A = Elapsed time spent in this place.
 B = Non-inter-level travel time spent in this place.
 C = Inter-level travel time spent in this place.
 D = Time resting spent in this place.
 E = Time spent auto-exploring this place.
 F = Levels seen in this place.
 G = Mean time per level.
                   A        B        C        D        E       F      G
               +--------+--------+--------+--------+--------+-----+--------+
         Total |   1435 |   1329 |    106 |     24 |   1031 |   3 |  478.3 |
       Dungeon |   1435 |   1329 |    106 |     24 |   1031 |   3 |  478.3 |
               +--------+--------+--------+--------+--------+-----+--------+

Top non-repeatable levels by time:
     D:1: 813 daAuts
     D:2: 608 daAuts
     D:3: 12 daAuts
